 Dungeon Crawl Stone Soup version 0.17.1-3-g152610e (webtiles) character file.

173 Heskey the Skirmisher (level 5, -5/43 HPs)
             Began as a Demonspawn Fighter on Mar 21, 2016.
             Slain by a crocodile (13 damage)
             ... in a sewer.
             The game lasted 00:04:19 (2175 turns).

Heskey the Skirmisher (Demonspawn Fighter)          Turns: 2175, Time: 00:04:19

Health: -5/43      AC: 12    Str: 17      XL:     5   Next: 28%
Magic:  5/5        EV:  4    Int:  7 (10) God:
Gold:   119        SH:  9    Dex: 12      Spells: 0 memorised, 4 levels left

rFire  . . .     SeeInvis .     a - +0 war axe
rCold  . . .     Clarity  .     r - +0 chain mail
rNeg   . . .     SustAt   .     c - +0 shield
rPois  .         Gourm    .     l - +0 helmet
rElec  .         Spirit   .     (no cloak)
rCorr  .         Warding  .     (no gloves)
rMut   .         Stasis   .     (no boots)
MR     +....                    (no amulet)
Stlth  ..........               (no ring)
                                o - ring of protection from magic

@: somewhat resistant to hostile enchantments, extremely unstealthy
A: talons 2, yellow scales 1
a: no special abilities


You were in a sewer.
You were not hungry.

You visited 1 branch of the dungeon, and saw 3 of its levels.
You also visited: Sewer.

You collected 119 gold pieces.

Inventory:

Hand Weapons
 a - a +0 war axe (weapon)
Armour
 c - a +0 shield (worn)
 l - a +0 helmet (worn)
 r - a +0 chain mail (worn)
Jewellery
 o - a ring of protection from magic (left hand)
Wands
 u - a wand of frost (19)
 w - a wand of magic darts (30)
Scrolls
 m - a scroll of magic mapping
 s - 2 scrolls of identify {unknown}
 t - a scroll of enchant weapon {unknown}
 v - a scroll of remove curse {unknown}
Potions
 b - a potion of degeneration
 d - a potion of might
 f - a potion of curing
 j - a potion of cancellation {unknown}
 n - a potion of ambrosia {unknown}
 p - a potion of agility {unknown}
 q - a potion of heal wounds {unknown}
Comestibles
 e - 2 bread rations
 h - a royal jelly
 i - a slice of pizza
 k - a meat ration
 x - a chunk of flesh


   Skills:
 * Level 4.3 Fighting
 + Level 3.0 Axes
 + Level 3.2 Armour
 + Level 3.4 Shields


You had 4 spell levels left.
You didn't know any spells.

Dungeon Overview and Level Annotations

Branches:
Dungeon (3/15)

Altars:


Innate Abilities, Weirdness & Mutations

You have razor-sharp toenails.
You are partially covered in yellow scales (AC +2).


Message History

The crocodile is lightly wounded.
You block the crocodile's attack.
Your chain mail prevents you from hitting the crocodile.
You claw the crocodile, but do no damage.
The crocodile is lightly wounded.
The crocodile barely misses you. The crocodile bites you.
You hit the crocodile. Your kick misses the crocodile.
The crocodile is moderately wounded.
The crocodile bites you!
* * * LOW HITPOINT WARNING * * *
Why would you want to do that?
Drink which item? (? for menu, Esc to quit)
It was a potion of degeneration.
There was something very wrong with that liquid.
You feel dopey. The crocodile completely misses you.
Drink which item? (? for menu, Esc to quit)
It was a potion of magic.
Magic courses through your body. The crocodile bites you!
You die...

... ... ####### #.#
##.....## #.#
##...≈...## #.#
##..†≈≈≈†..#######.#
#.∩†≈≈≈≈≈..........#
##...≈≈≈...#######.#
##..@t...## #.#
##.....## #.#
####### #.# #.# #.#
#.#


You could see a crocodile.

Vanquished Creatures
  The ghost of jacquesderrida the Grave Robber, a weakling DsNe (Sewer)
  7 adders
  2 oozes
  A worm (D:3)
  8 goblins
  2 hobgoblins
  2 ball pythons
  12 bats
  3 giant cockroaches
  3 giant geckos
  2 giant newts
  8 kobolds
  13 rats
64 creatures vanquished.

Notes
Turn   | Place    | Note
--------------------------------------------------------------
     0 | D:1      | Heskey the Demonspawn Fighter began the quest for the Orb.
     0 | D:1      | Reached XP level 1. HP: 18/18 MP: 1/1
     2 | D:1      | Noticed an elf
     4 | D:1      | Noticed a formicid
     4 | D:1      | Noticed a minotaur
     6 | D:1      | Noticed a troll
     8 | D:1      | Noticed an octopode
    10 | D:1      | Noticed a ghoul
    10 | D:1      | Noticed a draconian
    12 | D:1      | Noticed a dwarf
    12 | D:1      | Noticed a naga
    14 | D:1      | Noticed a merfolk
    14 | D:1      | Noticed a vine stalker
    16 | D:1      | Noticed a gargoyle
    16 | D:1      | Noticed a vampire
    18 | D:1      | Noticed an ogre
    18 | D:1      | Noticed a tengu
    20 | D:1      | Noticed a centaur
    22 | D:1      | Noticed a demigod
    24 | D:1      | Noticed a human
    24 | D:1      | Noticed a demonspawn
    26 | D:1      | Noticed a felid
    26 | D:1      | Noticed a spriggan
   192 | D:1      | Gained mutation: You are partially covered in yellow scales (AC +2). [demonic ancestry]
   192 | D:1      | Reached XP level 2. HP: 24/24 MP: 2/2
   727 | D:2      | Reached XP level 3. HP: 20/29 MP: 3/3
  1258 | D:2      | Gained mutation: You have sharp toenails. [demonic ancestry]
  1258 | D:2      | Reached XP level 4. HP: 23/37 MP: 4/4
  1852 | D:3      | Reached skill level 4 in Fighting
  2039 | D:3      | Found a glowing drain.
  2056 | Sewer    | Entered a sewer
  2083 | Sewer    | Noticed jacquesderrida's ghost (weakling DsNe)
  2095 | Sewer    | Killed jacquesderrida's ghost
  2095 | Sewer    | Gained mutation: You have razor-sharp toenails. [demonic ancestry]
  2095 | Sewer    | Reached XP level 5. HP: 14/43 MP: 5/5
  2156 | Sewer    | Noticed a crocodile
  2175 | Sewer    | Slain by a crocodile

Action                   |  1- 3 |  4- 6 || total
-------------------------+-------+-------++-------
Melee: War axe           |   179 |   148 ||   327
  Use: Scroll            |     3 |       ||     3
       Potion            |     1 |     3 ||     4
  Eat: Chunk             |     1 |     4 ||     5
